 Dungeon Crawl Stone Soup version 0.19.0-22-gd96e5fe (webtiles) character file.

526 Norrland the Slasher (level 7, -1/51 HPs)
             Began as a Demonspawn Skald on Nov 18, 2016.
             Slain by Omnic's ghost (11 damage)
             ... on level 5 of the Dungeon.
             The game lasted 00:09:39 (5829 turns).

Norrland the Slasher (Demonspawn Skald)             Turns: 5829, Time: 00:09:39

Health: -1/51      AC:  9    Str: 11 (12) XL:     7   Next: 2%
Magic:  10/10      EV:  8    Int: 13      God:
Gold:   137        SH:  0    Dex: 14 (15) Spells: 1 memorised, 9 levels left

rFire  . . .     SeeInvis +     p - +0 falchion (slice)
rCold  . . .     Gourm    .     u - +0 scale mail
rNeg   . . .     Faith    .     (no shield)
rPois  .         Spirit   .     (no helmet)
rElec  .         Reflect  .     (no cloak)
rCorr  .         Harm     .     y - +1 pair of gloves
MR     .....                    (no boots)
Stlth  +.........               t - amulet of magic regeneration
                                D - ring of see invisible
                                F - ring of stealth

@: about to teleport
A: claws 1, talons 2, rugged brown scales 1, powered by death 1
a: no special abilities


You were on level 5 of the Dungeon.
You were very hungry.

You visited 1 branch of the dungeon, and saw 5 of its levels.

You collected 137 gold pieces.

Inventory:

Hand Weapons
 a - a +1 falchion
 o - a +0 blowgun
 p - a +0 falchion of slicing (weapon)
Missiles
 q - 5 throwing nets (quivered)
 x - 3 poisoned needles
Armour
 b - a +0 leather armour
 l - a +1 robe of positive energy
 u - a +0 scale mail (worn)
 w - a +0 buckler
 y - a +1 pair of gloves (worn)
Jewellery
 t - an amulet of magic regeneration (around neck)
 D - a ring of see invisible (right hand)
 F - a ring of stealth (left hand)
Wands
 r - a wand of polymorph (11/24)
 E - a wand of flame (28/48)
Scrolls
 e - 2 scrolls of identify
 g - a scroll of teleportation
 h - a scroll of immolation
 i - a scroll of remove curse
 k - a scroll of noise
 s - a scroll of amnesia
 v - a scroll of blinking
 C - a scroll of magic mapping
Potions
 f - 2 potions of brilliance
 m - 2 potions of invisibility
 n - a potion of heal wounds
Books
 c - a book of Battle

   Spells                             Type                      Level
   a - Infusion                       Charms                       1
   b - Shroud of Golubria             Charms/Translocation         2
   c - Song of Slaying                Charms                       2
   d - Spectral Weapon                Hexes/Charms                 3
   e - Regeneration                   Charms/Necromancy            3
Comestibles
 d - 4 bread rations
 j - 2 meat rations
 z - a slice of pizza
 A - 2 fruits
 B - a royal jelly
 G - a beef jerky


   Skills:
 - Level 2.0 Fighting
 + Level 7.0 Long Blades
 - Level 0.8 Armour
 - Level 0.8 Dodging
 - Level 2.0 Spellcasting
 - Level 2.6 Charms


You had 9 spell levels left.
You knew the following spells:

 Your Spells              Type           Power        Failure   Level  Hunger
a - Infusion              Chrm           #...         58%         1    ##.....


Dungeon Overview and Level Annotations

Branches:
Dungeon (5/15)
 Temple: D:4-7

Altars:
Nemelex Xobeh

Annotations:
D:4 exclusion: water moccasin
D:5 Omnic's ghost, novice DsGl


Innate Abilities, Weirdness & Mutations

You have razor-sharp toenails.
You are partially covered in rugged brown scales. (AC +1, +3% HP)
You regenerate a little health from kills.
You have sharp fingernails.


Message History

Omnic's ghost hits you.
* * * LOW HITPOINT WARNING * * *
A gnoll comes into view. It is wielding a club.
The gnoll shouts!
There is an open door here.
You are feeling very hungry.
A jackal comes into view.
The jackal barks!
A jackal comes into view.
As you read the scroll of teleportation, it crumbles to dust.
You feel strangely unstable.
The jackal bites you but does no damage.
The jackal closely misses you.
You hit the jackal but do no damage. Omnic's ghost hits you!
* * * LOW HITPOINT WARNING * * *
The jackal bites you but does no damage.
You closely miss the jackal. The jackal bites you.
* * * LOW HITPOINT WARNING * * *
Omnic's ghost hits you!
You die...

### #..#
#.#.# #....
#<# #..#
#.#.###g...
#.# #..#
#.....o....
#.# #..#
###.#######
#.#######..#
#.#
#..........#
#.#
##########.#
#.# #h# #g#
#@# #.# #W#
#o# #o# #.#
##g########.#
#....o.g....#
##.##########
#.# ###


You could see Omnic's ghost, a gnoll, an orc and a jackal.

Vanquished Creatures
  The ghost of endtime the Skirmisher, an amateur HEFi (D:3)
  A howler monkey (D:5)
  A centaur zombie (D:5)
  3 orc wizards (D:4)
  A worker ant (D:4)
  7 gnolls
  8 adders
  2 oozes (D:2)
  An adder skeleton (D:4)
  2 worms
  2 dart slugs
  3 leopard geckos
  8 orcs
  7 bats
  A giant cockroach (D:1)
  10 goblins
  9 hobgoblins
  10 jackals
  4 quokkas
  7 frilled lizards
  8 kobolds
  4 rats
100 creatures vanquished.

Notes
Turn   | Place    | Note
-------+----------+-------------------------------------------
     0 | D:1      | Norrland the Demonspawn Skald began the quest for the Orb.
     0 | D:1      | Reached XP level 1. HP: 16/16 MP: 3/3
    87 | D:1      | Reached skill level 2 in Long Blades
   330 | D:1      | Gained mutation: You regenerate a little health from kills. [demonic ancestry]
   330 | D:1      | Reached XP level 2. HP: 22/22 MP: 5/5
   563 | D:1      | Reached skill level 3 in Long Blades
   617 | D:1      | Gained mutation: You have sharp toenails. [demonic ancestry]
   617 | D:1      | Reached XP level 3. HP: 19/27 MP: 6/6
  1477 | D:2      | Found a sparkling altar of Nemelex Xobeh.
  1773 | D:2      | Reached skill level 4 in Long Blades
  1773 | D:2      | Reached XP level 4. HP: 12/33 MP: 7/7
  3032 | D:3      | Reached XP level 5. HP: 32/38 MP: 8/8
  3416 | D:3      | Reached skill level 5 in Long Blades
  3611 | D:3      | Noticed endtime's ghost (amateur HEFi)
  3624 | D:3      | Killed endtime's ghost
  3624 | D:3      | Gained mutation: You are partially covered in rugged brown scales. (AC +1, +3% HP) [demonic ancestry]
  3624 | D:3      | Reached XP level 6. HP: 14/45 MP: 9/9
  3902 | D:3      | Reached skill level 6 in Long Blades
  4222 | D:3      | Gained mutation: You have sharp fingernails. [potion of beneficial mutation]
  4925 | D:4      | Noticed a water moccasin
  5675 | D:5      | Entered Level 5 of the Dungeon
  5761 | D:5      | Noticed Omnic's ghost (novice DsGl)
  5781 | D:5      | Reached skill level 7 in Long Blades
  5781 | D:5      | Gained mutation: You have razor-sharp toenails. [demonic ancestry]
  5781 | D:5      | Reached XP level 7. HP: 36/51 MP: 10/10
  5829 | D:5      | Slain by Omnic's ghost

Skill      XL: |  1  2  3  4  5  6 |
---------------+-------------------+-----
Long Blades    | 2 3 4 5 7 |  7.0
Fighting       | |  2.0
Armour         | |  0.8
Dodging        | |  0.8
Spellcasting   | |  2.0
Charms         | |  2.6

Action                   |  1- 3 |  4- 6 |  7- 9 || total
-------------------------+-------+-------+-------++-------
Melee: Falchion          |   130 |   279 |    12 ||   421
       Kick              |    19 |    66 |     5 ||    90
Throw: Throwing net      |       |     2 |       ||     2
 Cast: Infusion          |     1 |     1 |       ||     2
  Use: Potion            |       |    10 |       ||    10
       Scroll            |       |    13 |     1 ||    14
  Eat: Chunk             |     2 |     9 |       ||    11
       Bread ration      |       |     1 |       ||     1
Armor: Leather armour    |    29 |     7 |       ||    36
       Scale mail        |       |   115 |     3 ||   118
Dodge: Dodged            |    85 |   114 |     3 ||   202
       Rpst.: Falchion   |    23 |    32 |     1 ||    56
